| TOP OF THE 1ST |
|
Trenton Thunder batting - Pitching for Northwest Arkansas Naturals : RHP Josh Cornishen
|
|
Pitching: RHP Josh Cornishen
|
|
|
Batting: RHB Jeremy Hathcock
|
0-0: Foul Ball, location: 2F 0-1: Swinging Strike 0-2: Ball 1-2: Fly out, F9 (Line Drive, 9, EV 90.0 MPH)
|
|
Batting: SHB David Bantista
|
0-0: Called Strike 0-1: Ball 1-1: SINGLE (Groundball, 4MS, EV 65.6 MPH) (infield hit)
|
|
Batting: RHB Jeremy Lewis
|
0-0: Ball 1-0: Swinging Strike 1-1: Foul Ball, location: 2F 1-2: Fly out, F9 (Flyball, 9LS, EV 89.4 MPH)
|
|
Batting: RHB Ryan Alban
|
0-0: Ball 1-0: Called Strike 1-1: Foul Ball, location: 2F 1-2: Ball 2-2: Foul Ball, location: 2F 2-2: Ball 3-2: Base on Balls David Bantista to second
|
|
Batting: RHB Alex Harvey
|
0-0: Hit by Pitch David Bantista to third Ryan Alban to second
|
|
Batting: RHB Stu Rancourt
|
0-0: Called Strike 0-1: Foul Ball, location: 2F 0-2: Foul Ball, location: 2F 0-2: Strikes out swinging
|
| Top of the 1st over - 0 runs, 1 hit, 0 errors, 3 left on base; Trenton 0 - Northwest Arkansas 0 |
| BOTTOM OF THE 1ST |
|
Northwest Arkansas Naturals batting - Pitching for Trenton Thunder : RHP Pat Matera
|
|
Pitching: RHP Pat Matera
|
|
|
Batting: LHB Pete Hansel
|
0-0: Called Strike 0-1: Ball 1-1: Ball 2-1: Ball 3-1: Base on Balls
|
|
Batting: SHB Jarrod Lindblad
|
0-0: Called Strike Pete Hansel is caught stealing 2nd base 2-6 0-1: Foul Ball, location: 2F 0-2: Ball 1-2: Ball 2-2: SINGLE (Groundball, 5S, EV 68.8 MPH) (infield hit)
|
|
Batting: RHB Edgar Castillo
|
0-0: Ball 1-0: Called Strike 1-1: Ball 2-1: DOUBLE (Line Drive, 9LM, EV 108.8 MPH) Jarrod Lindblad to third
|
|
Batting: RHB Marco Diaz
|
0-0: Fly out, F4 (Flyball, 34D, EV 81.9 MPH)
|
|
Batting: RHB Danny Loyola
|
0-0: Ball 1-0: Called Strike 1-1: Foul Ball, location: 2F 1-2: Strikes out swinging
|
| Bottom of the 1st over - 0 runs, 2 hits, 0 errors, 2 left on base; Trenton 0 - Northwest Arkansas 0 |
| TOP OF THE 2ND |
|
Trenton Thunder batting - Pitching for Northwest Arkansas Naturals : RHP Josh Cornishen
|
|
Batting: RHB Jose Garza
|
0-0: Ball 1-0: Swinging Strike 1-1: Ground out 3-1 (Groundball, 34S, EV 67.5 MPH)
|
|
Batting: SHB Mike Goad
|
0-0: Fly out, F8 (Flyball, 89M, EV 88.8 MPH)
|
|
Batting: RHB John Rodd
|
0-0: SINGLE (Groundball, 56D, EV 104.4 MPH)
|
|
Batting: RHB Jeremy Hathcock
|
0-0: Foul Ball, location: 2F 0-1: Ground out 4-3 (Groundball, 34, EV 110.0 MPH)
|
| Top of the 2nd over - 0 runs, 1 hit, 0 errors, 1 left on base; Trenton 0 - Northwest Arkansas 0 |
| BOTTOM OF THE 2ND |
|
Northwest Arkansas Naturals batting - Pitching for Trenton Thunder : RHP Pat Matera
|
|
Batting: RHB Walt Cogswell
|
0-0: Ball 1-0: Ball 2-0: Reached on error, E5 (Groundball, 5, EV 90.6 MPH)
|
|
Batting: RHB Gavin Jones
|
0-0: Ball 1-0: Swinging Strike 1-1: Ball Walt Cogswell steals 2nd base 2-1: TRIPLE (Groundball, 3L, EV 110.0 MPH) Walt Cogswell scores
|
|
Batting: RHB Javier Solis
|
0-0: Foul Ball, location: 2F 0-1: Ball 1-1: Fly out, F9 (Flyball, 9LD, EV 100.0 MPH) Runner from 3rd tags up, SCORES, no throw by RF
|
|
Batting: LHB Robert Wilkins
|
0-0: Ball 1-0: Bunt for hit to 23 - play at first, batter safe!
|
|
Batting: LHB Pete Hansel
|
0-0: Foul Ball, location: 2F 0-1: Called Strike 0-2: Fly out, F8 (Flyball, 8RD, EV 97.5 MPH)
|
|
Batting: SHB Jarrod Lindblad
|
0-0: SINGLE (Groundball, 34D, EV 97.5 MPH) Robert Wilkins to second Runner from 2nd tries for 3rd, SAFE, throw by RF made to third
|
|
Batting: RHB Edgar Castillo
|
0-0: Swinging Strike 0-1: Ball Wild Pitch! Robert Wilkins scores Jarrod Lindblad to second 1-1: Ball 2-1: Foul Ball, location: 2F Balk! Jarrod Lindblad to third 2-2: Ball 3-2: SINGLE (Groundball, P, EV 76.3 MPH) (infield hit) Jarrod Lindblad scores
|
|
Batting: RHB Marco Diaz
|
0-0: Ball 1-0: Ball 2-0: Ball 3-0: Base on Balls Edgar Castillo to second
|
|
Batting: RHB Danny Loyola
|
0-0: Called Strike 0-1: Ball 1-1: Called Strike 1-2: Ball 2-2: SINGLE (Groundball, 56S, EV 69.4 MPH) (infield hit) Edgar Castillo to third Marco Diaz to second
|
|
Batting: RHB Walt Cogswell
|
0-0: Called Strike 0-1: Swinging Strike 0-2: Ball 1-2: Strikes out swinging
|
| Bottom of the 2nd over - 4 runs, 5 hits, 1 error, 3 left on base; Trenton 0 - Northwest Arkansas 4 |
| TOP OF THE 3RD |
|
Trenton Thunder batting - Pitching for Northwest Arkansas Naturals : RHP Josh Cornishen
|
|
Batting: SHB David Bantista
|
0-0: Fly out, F8 (Line Drive, 8LM, EV 87.5 MPH)
|
|
Batting: RHB Jeremy Lewis
|
0-0: Ball 1-0: Ball 2-0: Called Strike 2-1: SINGLE (Line Drive, 4D, EV 102.5 MPH)
|
|
Batting: RHB Ryan Alban
|
0-0: Called Strike 0-1: Ball 1-1: Ball 2-1: Grounds into double play, 6-4-3 (Groundball, 6, EV 101.9 MPH)
|
| Top of the 3rd over - 0 runs, 1 hit, 0 errors, 0 left on base; Trenton 0 - Northwest Arkansas 4 |
| BOTTOM OF THE 3RD |
|
Northwest Arkansas Naturals batting - Pitching for Trenton Thunder : RHP Pat Matera
|
|
Batting: RHB Gavin Jones
|
0-0: Ball 1-0: Reached on error, E6 (Groundball, 6, EV 93.8 MPH)
|
|
Batting: RHB Javier Solis
|
0-0: Foul Ball, location: 2F 0-1: Ball 1-1: Fly out, F8 (Line Drive, 8LD, EV 108.1 MPH)
|
|
Batting: LHB Robert Wilkins
|
0-0: SINGLE (Groundball, 6M, EV 106.3 MPH) Gavin Jones to third Runner from 3rd tries for Home, SAFE, throw by CF to home
|
|
Batting: LHB Pete Hansel
|
0-0: SINGLE (Groundball, 5S, EV 74.4 MPH) (infield hit) Robert Wilkins to second
|
|
Batting: SHB Jarrod Lindblad
|
0-0: Called Strike 0-1: Ground out 6-3 (Groundball, P, EV 85.6 MPH) Robert Wilkins to third Pete Hansel to second
|
|
Batting: RHB Edgar Castillo
|
0-0: Ball 1-0: Fly out, F7 (Flyball, 7D, EV 101.3 MPH)
|
| Bottom of the 3rd over - 1 run, 2 hits, 1 error, 2 left on base; Trenton 0 - Northwest Arkansas 5 |
| TOP OF THE 4TH |
|
Trenton Thunder batting - Pitching for Northwest Arkansas Naturals : RHP Josh Cornishen
|
|
Batting: RHB Alex Harvey
|
0-0: Called Strike 0-1: Ball 1-1: Ball 2-1: Ball 3-1: Foul Ball, location: 2F 3-2: Fly out, F8 (Flyball, 89D, EV 98.8 MPH)
|
|
Batting: RHB Stu Rancourt
|
0-0: Called Strike 0-1: Ball 1-1: Ball 2-1: Ball 3-1: Called Strike 3-2: Foul Ball, location: 2F 3-2: Base on Balls
|
|
Batting: RHB Jose Garza
|
0-0: Ball Stu Rancourt steals 2nd base 1-0: Called Strike 1-1: Single, Error in OF, E8, batter to second base (Line Drive, 89S, EV 93.1 MPH) Stu Rancourt scores
|
|
Batting: SHB Mike Goad
|
0-0: Ball 1-0: Fly out, F7 (Line Drive, 7, EV 103.8 MPH)
|
|
Batting: RHB John Rodd
|
0-0: Ball 1-0: Called Strike 1-1: Called Strike 1-2: Strikes out swinging
|
| Top of the 4th over - 1 run, 1 hit, 1 error, 1 left on base; Trenton 1 - Northwest Arkansas 5 |
| BOTTOM OF THE 4TH |
|
Northwest Arkansas Naturals batting - Pitching for Trenton Thunder : RHP Pat Matera
|
|
Batting: RHB Marco Diaz
|
0-0: Ball 1-0: Ball 2-0: Foul Ball, location: 2F 2-1: Ball 3-1: Base on Balls
|
|
Batting: RHB Danny Loyola
|
0-0: Ball 1-0: Foul Ball, location: 2F 1-1: Fly out, F9 (Flyball, 89S, EV 94.4 MPH)
|
|
Batting: RHB Walt Cogswell
|
0-0: Fly out, F9 (Flyball, 89S, EV 73.1 MPH)
|
|
Batting: RHB Gavin Jones
|
0-0: Ball 1-0: Ball 2-0: SINGLE (Groundball, 6MD, EV 101.3 MPH) (infield hit) Marco Diaz to second
|
|
Batting: RHB Javier Solis
|
0-0: Called Strike 0-1: Ball Wild Pitch! Marco Diaz to third Gavin Jones to second 1-1: Swinging Strike 1-2: Foul Ball, location: 2F 1-2: Ball 2-2: Foul Ball, location: 2F 2-2: Hit by Pitch
|
|
Batting: LHB Robert Wilkins
|
0-0: Swinging Strike 0-1: Ball 1-1: Ground out 6-3 (Groundball, 4MS, EV 89.4 MPH)
|
| Bottom of the 4th over - 0 runs, 1 hit, 0 errors, 3 left on base; Trenton 1 - Northwest Arkansas 5 |
| TOP OF THE 5TH |
|
Trenton Thunder batting - Pitching for Northwest Arkansas Naturals : RHP Josh Cornishen
|
|
Batting: RHB Jeremy Hathcock
|
0-0: Ball 1-0: SOLO HOME RUN (Line Drive, 78XD, EV 115.6 MPH), Distance : 445 ft
|
|
Batting: SHB David Bantista
|
0-0: Foul Ball, location: 2F 0-1: Swinging Strike 0-2: Ball 1-2: Ball 2-2: Ball 3-2: Foul Ball, location: 2F 3-2: Foul Ball, location: 2F 3-2: Fly out, F2 (Popup, 25F, EV 86.9 MPH)
|
|
Batting: RHB Jeremy Lewis
|
0-0: Called Strike 0-1: Ball 1-1: Called Strike 1-2: Strikes out looking
|
|
Batting: RHB Ryan Alban
|
0-0: Ball 1-0: Called Strike 1-1: Swinging Strike 1-2: Ball 2-2: Strikes out looking
|
| Top of the 5th over - 1 run, 1 hit, 0 errors, 0 left on base; Trenton 2 - Northwest Arkansas 5 |
| BOTTOM OF THE 5TH |
|
Northwest Arkansas Naturals batting - Pitching for Trenton Thunder : RHP Pat Matera
|
|
Batting: LHB Pete Hansel
|
0-0: Foul Ball, location: 2F 0-1: Ground out 6-3 (Groundball, 56, EV 90.0 MPH)
|
|
Batting: SHB Jarrod Lindblad
|
0-0: Foul Ball, location: 2F 0-1: Ground out 4-3 (Groundball, 4, EV 90.0 MPH)
|
|
Batting: RHB Edgar Castillo
|
0-0: Ball 1-0: Ground out 4-3 (Groundball, 34, EV 85.0 MPH)
|
| Bottom of the 5th over - 0 runs, 0 hits, 0 errors, 0 left on base; Trenton 2 - Northwest Arkansas 5 |
| TOP OF THE 6TH |
|
Trenton Thunder batting - Pitching for Northwest Arkansas Naturals : RHP Josh Cornishen
|
|
Batting: RHB Alex Harvey
|
0-0: SINGLE (Line Drive, 4M, EV 98.1 MPH)
|
|
Batting: RHB Stu Rancourt
|
0-0: DOUBLE (Flyball, 8RXD, EV 105.0 MPH) Alex Harvey to third Runner from 3rd tries for Home, SAFE, throw by CF to home
|
|
Batting: RHB Jose Garza
|
0-0: Called Strike 0-1: SINGLE (Line Drive, 7S, EV 106.3 MPH) Stu Rancourt to third Throwing error, E7 Stu Rancourt scores Jose Garza to second
|
|
Batting: SHB Mike Goad
|
0-0: Fly out, F9 (Line Drive, 9, EV 88.1 MPH) Runner from 2nd tags up, SAFE at 3rd with throw by RF
|
|
Batting: RHB John Rodd
|
0-0: Ball 1-0: SINGLE (Groundball, 6, EV 89.4 MPH) (infield hit) Jose Garza scores
|
|
Batting: RHB Jeremy Hathcock
|
0-0: Fly out, F3 (Line Drive, 3, EV 70.0 MPH) Lined into DP, U3 (Line Drive, 3, EV 65.0 MPH)
|
| Top of the 6th over - 3 runs, 4 hits, 1 error, 0 left on base; Trenton 5 - Northwest Arkansas 5 |
| BOTTOM OF THE 6TH |
|
Northwest Arkansas Naturals batting - Pitching for Trenton Thunder : RHP Pat Matera
|
|
Batting: RHB Marco Diaz
|
0-0: DOUBLE (Line Drive, 78XD, EV 110.0 MPH)
|
|
Pitching: LHP U-suk Leem
|
|
|
Batting: RHB Danny Loyola
|
0-0: Foul Ball, location: 2F 0-1: Fly out, F8 (Flyball, 78D, EV 82.5 MPH)
|
|
Batting: RHB Walt Cogswell
|
0-0: Ball 1-0: Foul Ball, location: 2F 1-1: Swinging Strike 1-2: Strikes out swinging
|
|
Batting: RHB Gavin Jones
|
0-0: Ball 1-0: Fly out, F5 (Popup, 25F, EV 90.6 MPH)
|
| Bottom of the 6th over - 0 runs, 1 hit, 0 errors, 1 left on base; Trenton 5 - Northwest Arkansas 5 |
| TOP OF THE 7TH |
|
Trenton Thunder batting - Pitching for Northwest Arkansas Naturals : RHP Josh Cornishen
|
|
Pitching: RHP Arturo Rojas
|
|
|
Batting: SHB David Bantista
|
0-0: Swinging Strike 0-1: Ball 1-1: Ball 2-1: Foul Ball, location: 2F 2-2: Ball 3-2: DOUBLE (Line Drive, 89D, EV 102.5 MPH)
|
|
Batting: RHB Jeremy Lewis
|
0-0: Intentional Walk
|
|
Batting: RHB Ryan Alban
|
0-0: Ball 1-0: Foul Ball, location: 2F 1-1: Called Strike 1-2: Fly out, F8 (Flyball, 8LS, EV 93.1 MPH)
|
|
Batting: RHB Alex Harvey
|
0-0: Foul Ball, location: 2F 0-1: Swinging Strike 0-2: Strikes out swinging
|
|
Batting: RHB Stu Rancourt
|
0-0: 3-RUN HOME RUN (Flyball, 9D, EV 101.3 MPH), Distance : 394 ft
|
|
Pitching: RHP Vinny Reveles
|
|
|
Batting: RHB Jose Garza
|
0-0: Called Strike 0-1: Ground out U3 (Groundball, 3, EV 106.3 MPH)
|
| Top of the 7th over - 3 runs, 2 hits, 0 errors, 0 left on base; Trenton 8 - Northwest Arkansas 5 |
| BOTTOM OF THE 7TH |
|
Northwest Arkansas Naturals batting - Pitching for Trenton Thunder : LHP U-suk Leem
|
|
Pitching: RHP Jose Ricoy
|
|
|
Batting: RHB Javier Solis
|
0-0: Ball 1-0: Ball 2-0: Ground out 6-3 (Groundball, 56, EV 86.3 MPH)
|
|
Batting: LHB Robert Wilkins
|
0-0: SINGLE (Groundball, 34D, EV 102.5 MPH)
|
|
Batting: LHB Pete Hansel
|
0-0: Foul Ball, location: 2F 0-1: Swinging Strike 0-2: Strikes out swinging
|
|
Batting: SHB Jarrod Lindblad
|
0-0: Ball 1-0: Called Strike 1-1: DOUBLE (Groundball, 5L, EV 97.5 MPH) Robert Wilkins to third
|
|
Batting: RHB Edgar Castillo
|
0-0: Ball 1-0: Ball 2-0: Called Strike 2-1: Called Strike 2-2: Strikes out swinging
|
| Bottom of the 7th over - 0 runs, 2 hits, 0 errors, 2 left on base; Trenton 8 - Northwest Arkansas 5 |
| TOP OF THE 8TH |
|
Trenton Thunder batting - Pitching for Northwest Arkansas Naturals : RHP Vinny Reveles
|
|
Batting: SHB Mike Goad
|
0-0: Ball 1-0: Foul Ball, location: 2F 1-1: Swinging Strike 1-2: Ground out 5-3 (Groundball, 56, EV 95.0 MPH)
|
|
Batting: RHB John Rodd
|
0-0: Swinging Strike 0-1: Ball 1-1: Swinging Strike 1-2: Strikes out swinging, 2-3 out at first.
|
|
Batting: RHB Jeremy Hathcock
|
0-0: Called Strike 0-1: Called Strike 0-2: Ball 1-2: Foul Ball, location: 2F 1-2: SINGLE (Groundball, 6S, EV 95.6 MPH)
|
|
Batting: SHB David Bantista
|
0-0: Called Strike 0-1: Ball 1-1: Called Strike 1-2: Strikes out swinging
|
| Top of the 8th over - 0 runs, 1 hit, 0 errors, 1 left on base; Trenton 8 - Northwest Arkansas 5 |
| BOTTOM OF THE 8TH |
|
Northwest Arkansas Naturals batting - Pitching for Trenton Thunder : RHP Jose Ricoy
|
|
Pitching: RHP Jeff Katechis
|
|
|
Now at 2B: Jose Garza
|
|
|
Now at SS: Frank Mullen
|
|
|
Batting: RHB Marco Diaz
|
0-0: Ball 1-0: Foul Ball, location: 2F 1-1: Ball 2-1: Ball 3-1: Base on Balls
|
|
Batting: RHB Danny Loyola
|
0-0: Called Strike 0-1: Called Strike 0-2: Foul Ball, location: 2F 0-2: Ball 1-2: Ball 2-2: Ball 3-2: Fielders Choice at 2nd, 5-4 (Groundball, 56S, EV 86.9 MPH)
|
|
Batting: RHB Walt Cogswell
|
0-0: Foul Ball, location: 2F 0-1: Ball 1-1: Ball 2-1: Ball 3-1: Base on Balls Danny Loyola to second
|
|
Batting: RHB Gavin Jones
|
0-0: Swinging Strike 0-1: Ball 1-1: Ball 2-1: Foul Ball, location: 2F 2-2: Strikes out swinging
|
|
Batting: RHB Javier Solis
|
0-0: Called Strike 0-1: Ball 1-1: Ball 2-1: SINGLE (Line Drive, 7S, EV 106.9 MPH) Danny Loyola to third Walt Cogswell to second
|
|
Pitching: RHP Katsuyoshi Yoshikawa
|
|
|
Batting: LHB Robert Wilkins
|
0-0: Ball 1-0: Foul Ball, location: 2F 1-1: SINGLE (Groundball, 5D, EV 99.4 MPH) Danny Loyola scores Walt Cogswell to third Javier Solis to second Runner from 3rd tries for Home, SAFE, throw by LF to home
|
|
Batting: LHB Pete Hansel
|
0-0: Reached on error, E2 (Groundball, 15S, EV 66.3 MPH) Javier Solis scores Robert Wilkins to third
|
|
Batting: SHB Jarrod Lindblad
|
0-0: Foul Ball, location: 2F 0-1: SINGLE (Flyball, 8LS, EV 98.1 MPH) Robert Wilkins scores Pete Hansel to third Runner from 3rd tries for Home, SAFE, throw by LF to home
|
|
Batting: RHB Edgar Castillo
|
0-0: Ball Jarrod Lindblad steals 2nd, throwing error, E2 Jarrod Lindblad to third 1-0: Foul Ball, location: 2F 1-1: Fly out, F5 (Line Drive, 5, EV 70.6 MPH)
|
| Bottom of the 8th over - 5 runs, 3 hits, 2 errors, 1 left on base; Trenton 8 - Northwest Arkansas 10 |
| TOP OF THE 9TH |
|
Trenton Thunder batting - Pitching for Northwest Arkansas Naturals : RHP Vinny Reveles
|
|
Pitching: RHP Jarred Young
|
|
|
Now at 1B: Brian Carlson
|
|
|
Batting: LHB Frank Mullen
|
0-0: Swinging Strike 0-1: Called Strike 0-2: Foul Ball, location: 2F 0-2: Ball 1-2: Fly out, F3 (Popup, 34, EV 67.5 MPH)
|
|
Batting: RHB Ryan Alban
|
0-0: Ball 1-0: Ball 2-0: Ball 3-0: Base on Balls
|
|
Batting: RHB Alex Harvey
|
0-0: Ball 1-0: Ball 2-0: Ball 3-0: SINGLE (Line Drive, 4D, EV 109.4 MPH) Ryan Alban to second
|
|
Batting: RHB Stu Rancourt
|
0-0: Called Strike 0-1: Ball 1-1: Fly out, F8 (Flyball, 8RXD, EV 105.0 MPH)
|
|
Pinch Hitting: LHB Matt Steinke
|
0-0: Ball 1-0: Called Strike 1-1: Ground out 4-3 (Groundball, 4, EV 87.5 MPH)
|
| Top of the 9th over - 0 runs, 1 hit, 0 errors, 2 left on base; Trenton 8 - Northwest Arkansas 10 |
|